 Dungeon Crawl Stone Soup version 0.32-a0-519-g08f29ac1c3 (webtiles) character file.

Game seed: 3900861251055203796

1684 inmateoo the Slasher (level 9, -3/102 HPs)
             Began as a Coglin Fighter on Feb 28, 2024.
             Was a Follower of the Shining One.
             Succumbed to a kobold brigand's curare-tipped dart
             ... on level 7 of the Dungeon.
             The game lasted 00:05:19 (5575 turns).

inmateoo the Slasher (Coglin Fighter)               Turns: 5575, Time: 00:05:20

Health: -3/102     AC: 14    Str: 20    XL:     9   Next: 2%
Magic:  9/9        EV:  7    Int:  8    God:    the Shining One [*.....]
Gold:   226        SH:  5    Dex: 14    Spells: 8/8 levels left

rFire   + + .        a - +0 long sword {Xiloxoch}
rCold   . . .        q - +6 war axe "inmateoo's Bane" {heavy, rF+}
rNeg    . . .        s - +0 plate armour {rF+}
rPois   .            (no helmet)
rElec   .            (no cloak)
rCorr   .            w - +0 pair of gloves
SInv    .            c - +0 pair of boots
Will    .....        f - amulet of reflection Stlth
                     (ring unavailable)
HPRegen 0.37/turn    (ring unavailable)
MPRegen 0.11/turn

%: reflection
@: berserking, lethally poisoned (-3 -> -22), slowed, glowing, revved
A: off-hand wielding, slow wielding, warmup strikes, no rings
a: Renounce Religion, Divine Shield


You were on level 7 of the Dungeon.
You worshipped the Shining One.
The Shining One was aware of your devotion.
You visited 2 branches of the dungeon, and saw 8 of its levels.

You collected 226 gold pieces.

Inventory:

Hand Weapons
 a - a +0 long sword (weapon) {Xiloxoch}
 q - the +6 war axe "inmateoo's Bane" (offhand) {heavy, rF+}
   (You found it on level 4 of the Dungeon)

   rF+:       It protects you from fire.
Missiles
 j - 2 throwing nets (quivered)
Armour
 c - a +0 pair of boots (worn)
 s - a +0 plate armour of fire resistance (worn)
 w - a +0 pair of gloves (worn)
Jewellery
 f - an amulet of reflection (around neck)
 y - an amulet of regeneration
Wands
 b - a wand of flame (2)
 v - a wand of quicksilver (7)
Scrolls
 i - a scroll of noise
 k - a scroll of enchant armour
 n - a scroll of teleportation
 r - a scroll of fear
 t - a scroll of vulnerability
 u - 2 scrolls of silence
Potions
 d - a potion of might
 e - a potion of heal wounds
 g - 4 potions of curing
 h - 2 potions of lignification
 m - a potion of mutation
 o - a potion of brilliance
 p - 2 potions of invisibility {unknown}
 x - a potion of ambrosia {unknown}


   Skills:
 + Level 5.5 Fighting
 * Level 6.9 Long Blades
 + Level 3.7 Axes
 + Level 4.9 Armour
 + Level 3.9 Dodging
 - Level 2.1 Shields


You had 8 spell levels left.
You didn't know any spells.
Your spell library contained the following spells:

 Spells                   Type           Power      Damage    Failure   Level
 Sandblast                Erth           0%         2d4       100%        1
 Sting                    Conj/Alch      0%         1d3       100%        1
 Mercury Vapours          Alch/Air       0%         N/A       100%        2
 Scorch                   Fire           0%         2d5       100%        2
 Passwall                 Erth           0%         N/A       100%        3
 Stone Arrow              Conj/Erth      0%         3d7       100%        3
 Brom's Barrelling Bould  Conj/Erth      0%         2d3       100%        4
 Flame Wave               Conj/Fire      0%         2d4       100%        4
 Olgreb's Toxic Radiance  Alch           0%         N/A       100%        4
 Summon Cactus Giant      Summ           0%         N/A       100%        6


Dungeon Overview and Level Annotations

Branches:
Dungeon (7/15)             Temple (1/1) D:4

Altars:
Ashenzari
Cheibriados
Dithmenos
Elyvilon
Fedhas
Gozag
Hepliaklqana
Kikubaaqudgha
Makhleb
Okawaru
Ru
Sif Muna
Trog
Uskayaw
Vehumet
Wu Jian
Xom
The Shining One

Shops:
D:4 (   D:6 [(

Annotations:
D:3 2 runed translucent doors, Nonseq's ghost, amateur CoGl


Innate Abilities, Weirdness & Mutations

You can wield a second weapon in your off-hand.
It takes a long time for you to wield or remove held weapons.
Your first few attacks do less damage.
Your grasper-arms cannot wear rings.


Message History

You feel sick.
The howler monkey hoots and howls with incredible vigour!
The kobold brigand throws a curare-tipped dart.
You block the curare-tipped dart with an invisible shield... and reflect it back!
The curare-tipped dart hits the kobold.
The kobold is poisoned.
The kobold struggles to breathe.
The kobold dies!
The kobold throws a poisoned dart.
The poisoned dart hits you!
You are more poisoned.
The kobold hits you but does no damage.
The orc warrior unwields a +0 arbalest.
The orc warrior wields a +0 long sword.
The orc warrior barely misses you.
The kobold brigand throws a curare-tipped dart.
The curare-tipped dart hits you.
You are lethally poisoned!
You have difficulty breathing.
* * * LOW HITPOINT WARNING * * *
You feel as though you will be slow longer.
The kobold hits you but does no damage.
The orc warrior hits you with a +0 long sword.
* * * LOW HITPOINT WARNING * * *
You slice the orc warrior with the +6 war axe "inmateoo's Bane"!!
You kill the orc warrior!
You slash the howler monkey with the +6 war axe "inmateoo's Bane"!
You hit the kobold with the +6 war axe "inmateoo's Bane".
You kill the kobold!
* * * LOW HITPOINT WARNING * * *
You feel extremely sick. You block the howler monkey's attack.
The howler monkey hoots and howls with incredible vigour! x2
You hear a shout! x2; You hear an angry hiss.
You have reached level 9!
Your experience leads to an increase in your attributes!
Increase (S)trength, (I)ntelligence, or (D)exterity?
You feel stronger. x2
You are too berserk!
You slice the howler monkey with the +6 war axe "inmateoo's Bane"!!
You kill the howler monkey!
You barely miss the kobold with the +6 war axe "inmateoo's Bane".
You slice the kobold brigand with the +6 war axe "inmateoo's Bane"!!
You die...

.......#..........#
.......###'########
#+#...........#...#
#...........#...#
#...........'...#
#...........#...#
#...........######
#..........>.....#
##+#########..@K.#
#.)K).#
#....oh.....
#...........
######...... ......
...... ..... .....


You could see a kobold brigand, a howler monkey (catching breath), an orc and a
kobold.

Vanquished Creatures
  Edmund (D:4)
  A water moccasin (D:6)
  A black bear (D:5)
  2 orc warriors
  An ogre (D:5)
  2 phantoms (D:6)
  3 scorpions
  An electric eel (D:6)
  3 howler monkeys
  4 hounds
  A jelly (D:5)
  4 orc priests
  An iguana (D:5)
  5 orc wizards
  10 adders
  3 shadow imps (D:5)
  A white imp (D:4)
  2 ufetubi (D:5)
  2 ribbon worms
  4 dart slugs
  19 orcs
  8 bats
  4 endoplasms
  3 giant cockroaches
  8 goblins
  9 hobgoblins
  2 jackals (D:4)
  2 quokkas (D:2)
  7 ball pythons
  2 frilled lizards
  9 kobolds
  5 rats
130 creatures vanquished.

Vanquished Creatures (others)
  A kobold (D:7)
1 creature vanquished.

Grand Total: 131 creatures vanquished

Notes
Turn   | Place    | Note
-------+----------+-------------------------------------------
     0 | D:1      | inmateoo the Coglin Fighter began the quest for the Orb.
     0 | D:1      | Reached XP level 1. HP: 18/18 MP: 1/1
   177 | D:1      | Reached XP level 2. HP: 24/24 MP: 2/2
   373 | D:1      | Reached XP level 3. HP: 25/29 MP: 3/3
   756 | D:2      | Reached skill level 1 in Dodging
  1504 | D:3      | Reached skill level 3 in Long Blades
  1504 | D:3      | Reached XP level 4. HP: 22/35 MP: 4/4
  2121 | D:3      | Reached XP level 5. HP: 33/41 MP: 5/5
  2220 | D:3      | Found a runed translucent door.
  2221 | D:3      | Noticed Nonseq's ghost (amateur CoGl)
  2334 | D:3      | Found a runed translucent door.
  2666 | D:4      | Found Peahom's Antique Weapon Boutique.
  2674 | D:4      | Identified the +6 war axe "inmateoo's Bane" {heavy, rF+}
  2770 | D:4      | Identified the +1 robe of the Indestructible God {rF+ Str+3
                  | Int+3}
  2840 | D:4      | Found a hazy altar of Hepliaklqana.
  2865 | D:4      | Found a staircase to the Ecumenical Temple.
  3066 | D:4      | Noticed Edmund
  3074 | D:4      | Killed Edmund
  3075 | D:4      | Reached skill level 4 in Long Blades
  3075 | D:4      | Reached skill level 1 in Axes
  3075 | D:4      | Reached XP level 6. HP: 8/48 MP: 6/6
  3303 | Temple   | Entered the Ecumenical Temple
  3326 | Temple   | Became a worshipper of the Shining One
  3375 | D:5      | Entered Level 5 of the Dungeon
  3436 | D:5      | Reached XP level 7. HP: 47/54 MP: 7/7
  3467 | D:5      | Reached * piety under the Shining One
  3528 | D:5      | Reached skill level 5 in Long Blades
  3749 | D:5      | Found a snail-covered altar of Cheibriados.
  3845 | D:5      | HP: 2/55 [orc warrior/+0 glaive (12)]
  4198 | D:5      | Found an iron altar of Okawaru.
  4198 | D:5      | Found a shimmering altar of Xom.
  4282 | D:5      | Reached XP level 8. HP: 49/61 MP: 8/8
  4687 | D:6      | Reached skill level 5 in Fighting
  4712 | D:6      | Found Lorudoq's Armour Shoppe.
  4751 | D:6      | Reached skill level 6 in Long Blades
  5274 | D:6      | Found Soent's Antique Weapon Boutique.
  5574 | D:7      | HP: 3/94 [poisoned by a kobold brigand (curare-tipped
                  | dart)]
  5575 | D:7      | Reached XP level 9. HP: 4/68 MP: 9/9
  5575 | D:7      | Succumbed to a kobold brigand's curare-tipped dart

Illustrated notes

Levels and vault maps discovered:
D:1:      orjb1_clovarrival, layout_loops_cross
D:2:      layout_loops_ring
D:3:      layout_basic, ebering_ghost_sewer_f
D:4:      layout_cave_pools, nzn_hepliaklqana_mist_gate,
          minmay_temple_entry_nine_rooms, serial_shops, shop,
          chequers_serial_rivers_room_a, uniq_edmund
D:5:      layout_loops_ring, chei_slow_surprise,
          gammafunk_temple_overflow_elements, serial_park_tiny_2
D:6:      layout_loops_ring, serial_shops, shop, shop, water_maze_lemuel
D:7:      layout_gridville, grunt_ministairs_9, uniq_maggie
Temple:   eino_temple_lava

Skill      XL: |  1  2  3  4  5  6  7  8 |
---------------+-------------------------+-----
Armour         | 3 4 |  4.9
Dodging        | 1 2 3 |  3.9
Long Blades    | 3 4 5 6 |  6.9
Fighting       | 4 5 |  5.5
Axes           | 1 2 3 |  3.7
Shields        | |  2.1

Action                     |  1- 3 |  4- 6 |  7- 9 || total
---------------------------+-------+-------+-------++-------
  Melee: Long sword        |    77 |    98 |    55 ||   230
         Short sword       |    61 |    64 |       ||   125
         War axe           |       |    30 |    71 ||   101
  Evoke: Wand              |       |       |     2 ||     2
    Use: Scroll            |       |     6 |     8 ||    14
         Potion            |       |       |     1 ||     1
 Armour: Scale mail        |    69 |    88 |    21 ||   178
         Plate armour      |       |       |    67 ||    67
  Dodge: Dodged            |    37 |    65 |    16 ||   118
         Repelled          |     2 |     2 |     2 ||     6
  Block: Other             |       |     4 |    16 ||    20
         Reflection        |       |       |     1 ||     1

Table legend: (Time is in decaauts)
 A = Elapsed time spent in this place.
 B = Non-inter-level travel time spent in this place.
 C = Inter-level travel time spent in this place.
 D = Time resting spent in this place.
 E = Time spent auto-exploring this place.
 F = Levels seen in this place.
 G = Mean time per level.
                   A        B        C        D        E       F      G
               +--------+--------+--------+--------+--------+-----+--------+
         Total |   5671 |   5411 |    260 |   1033 |   3399 |   8 |  708.9 |
       Dungeon |   5638 |   5378 |    260 |   1033 |   3399 |   7 |  805.4 |
        Temple |     32 |     32 |      0 |      0 |      0 |   1 |   32.0 |
               +--------+--------+--------+--------+--------+-----+--------+

Top non-repeatable levels by time:
     D:5: 1191 daAuts
     D:3: 1175 daAuts
     D:6: 990 daAuts
     D:4: 773 daAuts
     D:2: 732 daAuts
     D:1: 710 daAuts
     D:7: 64 daAuts
  Temple: 32 daAuts
